Map: Ice and Chrome LE

Players

Ziggy

  • Race: Terran Terran
  • League: Grandmaster
  • Spawn Location: 7:00

Geralt (Gerald) - Winner!

  • Race: Protoss Protoss
  • League: Grandmaster
  • Spawn Location: 1:00

Event: DreamHack SC2 Masters 2020 Summer Europe

VOD

Have the link to the VOD?

Description

Time

  • Played on: June 26, 2020, 10:41 a.m.
  • Length: 16:53

All games in this series

Show
View Real Time Build Order
Export as new Build Order

Ziggy Terran 

Build Orders: Reaper Expand 

Get SALT Encoding   

  12  0:00  SCV  
  13  0:12  SCV  
  14  0:16  Supply Depot  
  14  0:24  SCV  
  15  0:38  SCV  
  15  0:39  Barracks  
  16  0:44  Refinery  
  16  0:50  SCV  
  17  1:02  SCV  
  18  1:14  SCV  
  19  1:26  Orbital Command  
  19  1:27  Reaper  
  20  1:39  Command Center  
  20  1:47  Supply Depot  
  20  1:52  SCV  
  21  1:59  Marine  
  22  2:04  SCV  
  23  2:09  Barracks  
  23  2:16  SCV  
  23  2:17  Barracks Reactor, Bunker  
  24  2:28  SCV  
  25  2:41  SCV  
  25  2:43  Barracks  
  26  2:44  Engineering Bay  
  26  2:53  SCV, Marine x2  
  26  2:56  Orbital Command  
  29  2:59  Barracks Tech Lab  
  29  3:05  SCV  
  30  3:11  Terran Infantry Weapons Level 1  
  30  3:12  Marine x2  
  32  3:17  SCV  
  33  3:21  SCV  
  33  3:22  Marine  
  35  3:28  Stimpack  
  35  3:29  SCV  
  35  3:30  Barracks Tech Lab  
  35  3:31  Marine  
  35  3:33  SCV  
  38  3:40  Marine  
  39  3:41  SCV  
  39  3:43  Supply Depot  
  39  3:45  SCV  
  39  3:47  Supply Depot  
  41  3:53  SCV, Marauder  
  41  3:54  Marine  
  45  3:57  SCV  
  45  4:00  Supply Depot  
  45  4:02  Combat Shield  
  46  4:06  SCV  
  47  4:13  Refinery  
  47  4:14  Marauder  
  49  4:17  Marine x2  
  49  4:20  Missile Turret  
  49  4:21  SCV  
  49  4:23  SCV  
  53  4:26  Marauder  
  55  4:33  SCV  
  55  4:35  Marine x2  
  55  4:37  Supply Depot  
  58  4:40  SCV  
  58  4:45  SCV  
  58  4:47  Marauder, Refinery  
  58  4:49  Marauder  
  63  4:54  SCV  
  63  4:55  Marine x2  
  66  5:01  Supply Depot  
  66  5:03  SCV  
  66  5:04  Factory  
  66  5:06  SCV  
  68  5:09  Marauder  
  68  5:11  Marine  
  68  5:12  Marine  
  68  5:13  Marine  
  72  5:18  Concussive Shells  
  72  5:19  SCV  
  72  5:29  Marauder  
  72  5:30  Marauder  
  72  5:35  SCV x2  
  78  5:40  Command Center  
  78  5:46  Terran Infantry Armor Level 1  
  78  5:49  Factory Reactor, Starport  
  78  5:53  SCV  
  78  5:55  Marine  
  80  5:57  Refinery  
  80  5:59  Marauder  
  80  6:01  Marauder  
  82  6:15  Marine x2  
  82  6:16  SCV  
  85  6:19  Supply Depot  
  85  6:20  Supply Depot  
  85  6:21  Marauder  
  85  6:22  Marauder  
  86  6:26  SCV  
  64  6:33  SCV  
  64  6:38  SCV, Medivac x2  
  70  6:40  Armory  
  70  6:41  Engineering Bay  
  70  6:42  Marauder  
  70  6:45  SCV  
  70  6:46  Factory Reactor, Marauder  
  75  6:48  Barracks  
  75  6:49  Barracks  
  75  6:53  SCV, Orbital Command  
  76  6:55  Marine x2  
  76  6:59  SCV  
  79  7:02  Supply Depot  
  79  7:03  Supply Depot  
  79  7:04  Marauder  
  79  7:05  SCV  
  79  7:07  Marauder  
  84  7:08  Medivac x2  
  84  7:13  SCV, Marine x2  
  91  7:18  SCV, Orbital Command  
  91  7:21  Missile Turret x2  
  92  7:25  Marauder  
  92  7:28  SCV  
  97  7:30  Marauder  
  97  7:31  Widow Mine x2  
  97  7:32  SCV  
  97  7:34  Marine x2  
  104  7:37  Barracks Tech Lab x2  
  104  7:38  Medivac  
  104  7:40  SCV  
  104  7:41  Medivac  
  104  7:43  Refinery x2  
  104  7:44  SCV x2  
  110  7:46  Marauder  
  113  7:52  Marine x2  
  113  7:53  SCV  
  113  7:56  SCV  
  113  7:57  SCV  
  113  7:58  Terran Infantry Weapons Level 2  
  118  7:59  Marine x3  
  118  8:02  Missile Turret  
  121  8:06  SCV  
  121  8:08  SCV, Marauder  
  121  8:10  SCV  
  121  8:11  Viking  
  128  8:12  Viking  
  128  8:18  Marauder, Marine  
  133  8:27  Terran Infantry Armor Level 2  
  133  8:28  Supply Depot  
  133  8:31  SCV, Marauder x2, Marine  
  133  8:33  Supply Depot  
  139  8:34  Supply Depot  
  139  8:41  Viking  
  141  8:49  Marine x3  
  141  8:50  Viking, Marauder  
  141  8:55  Marauder x2  
  129  9:07  Marine x2  
  129  9:08  Marauder  
  102  9:11  Marauder  
  102  9:15  SCV  
  102  9:16  Marauder, Marine  
  100  9:20  SCV, Orbital Command  
  100  9:23  Viking x2  
  105  9:25  Marine x2  
  105  9:26  Widow Mine  
  105  9:28  SCV, Widow Mine  
  105  9:29  Marauder  
  114  9:32  SCV, Marine  
  114  9:34  Marine  
  114  9:37  Marine  
  118  9:43  SCV, Marine x2  
  118  9:44  SCV  
  122  9:50  Orbital Command, Starport  
  122  9:51  Marauder x2  
  122  9:52  Marine  
  127  9:55  SCV, Marine  
  129  10:01  Marine  
  129  10:04  Viking  
  132  10:10  Medivac  
  132  10:12  Marauder  
  132  10:13  SCV x2  
  140  10:16  SCV  
  141  10:27  Terran Infantry Weapons Level 3, Marine x2  
  141  10:31  Supply Depot  
  141  10:32  Supply Depot x2  
  141  10:34  Supply Depot  
  141  10:49  Terran Infantry Armor Level 3  
  141  10:51  Viking  
  141  10:52  Viking, Medivac x2  
  147  10:58  Refinery  
  147  11:00  Refinery  
  147  11:02  Sensor Tower  
  147  11:07  Command Center  
  147  11:12  Marine x2  
  147  11:14  Marine  
  147  11:15  Marine  
  147  11:18  Barracks x2  
  151  11:24  Viking x2  
  155  11:31  Ghost Academy  
  155  11:33  Marine x2  
  155  11:34  Marauder x2  
  161  11:40  Viking  
  163  11:52  Marine  
  163  11:53  Marauder  
  160  11:55  Marauder, Marine  
  160  12:00  Marine  
  122  12:01  Marauder  
  122  12:07  Marine  
  101  12:08  Orbital Command  
  101  12:09  Marine  
  101  12:10  Marine  
  101  12:12  Marine  
  101  12:14  Marauder  
  83  12:17  Marauder  
  83  12:19  Marauder  
  83  12:22  Marine  
  72  12:25  Marine  
  72  12:26  Marine  
  72  12:28  Marine  
  72  12:29  SCV  
  66  12:30  SCV, Marine  
  66  12:31  SCV  
  66  12:34  SCV  
  70  12:41  SCV  
  70  12:42  Marine  
  70  12:44  SCV x2  
  74  12:46  SCV  
  74  12:48  Marine  
  76  12:53  SCV  
  76  12:56  SCV  
  75  12:59  SCV  
  75  13:02  Medivac x2  
  75  13:03  Marine x3  
  75  13:05  SCV  
  84  13:11  SCV x2  
  84  13:12  Marine  
  91  13:13  Marauder x2  
  91  13:16  SCV  
  92  13:21  Barracks Tech Lab  
  92  13:22  Barracks Tech Lab  
  92  13:23  SCV x2  
  92  13:25  Marine  
  92  13:26  Marauder x2  
  99  13:30  Marine  
  99  13:32  SCV  
  103  13:35  SCV, Missile Turret  
  106  13:43  SCV  
  106  13:45  SCV  
  112  13:49  SCV  
  112  13:55  Enhanced Shockwaves, SCV  
  114  13:57  SCV  
  114  13:58  Marine  
  114  14:01  SCV  
  114  14:02  Unknown  
  117  14:06  Unknown, Marine x2  
  117  14:07  SCV  
  122  14:10  Unknown, Planetary Fortress  
  122  14:15  Unknown, Missile Turret  
  122  14:16  SCV x2  
  124  14:23  Reaper, Marine x2  
  129  14:25  SCV  
  129  14:28  SCV  
  129  14:31  Viking  
  133  14:34  Unknown  
  133  14:36  Liberator  
  136  14:49  Marauder, Marine  
  136  14:51  Unknown  
  139  14:55  Marauder x2, Marine  
  139  14:56  Marauder  
  146  15:00  Marauder, Marine  
  111  15:09  Viking x2  
  111  15:11  SCV, Marauder  
  111  15:13  Marine  
  107  15:16  SCV  
  107  15:17  Marauder x2  
  108  15:21  Marauder x2  
  108  15:22  SCV  
  108  15:23  SCV  
  108  15:28  SCV  
  96  15:34  Marauder, Marine x2  
  81  15:36  SCV x2  
  81  15:39  Marine  
  83  15:47  SCV  
  83  15:48  Marine  
  83  15:49  Marauder, Marine  
  85  15:55  SCV x2  
  85  15:56  Marine  
  83  16:01  SCV  
  81  16:05  Medivac  
  81  16:06  Orbital Command  
  81  16:07  SCV, Marine  
  83  16:13  SCV x2  
  83  16:15  Medivac  
  87  16:22  SCV  
  87  16:25  SCV  
  89  16:26  Marauder x2, Marine x3  
Show
View Real Time Build Order
Export as new Build Order

Geralt Protoss - Winner!

Build Orders: 1 Gate Expand, Blink Stalkers, Colossus Rush 

Get SALT Encoding   

  12  0:00  Probe  
  13  0:13  Probe  
  14  0:17  Pylon  
  14  0:22  Probe  
  15  0:31  Probe  
  16  0:37  Gateway  
  16  0:40  Probe  
  16  0:47  Assimilator  
  17  0:52  Probe  
  18  1:04  Probe  
  19  1:16  Probe  
  20  1:26  Cybernetics Core  
  20  1:28  Probe  
  21  1:36  Nexus  
  21  1:40  Probe  
  21  1:45  Pylon  
  22  1:51  Assimilator  
  22  1:52  Probe  
  23  1:54  Adept  
  23  2:05  Probe  
  23  2:06  Warp Gate  
  26  2:14  Stalker  
  26  2:17  Probe  
  27  2:29  Probe  
  29  2:41  Probe, Twilight Council  
  30  2:49  Probe  
  31  2:52  Blink  
  31  2:53  Probe  
  31  2:57  Pylon  
  32  3:01  Probe  
  32  3:05  Probe  
  34  3:10  Stalker  
  36  3:14  Probe  
  36  3:17  Probe  
  38  3:27  Probe  
  38  3:29  Probe, Gateway  
  40  3:38  Gateway  
  40  3:39  Probe  
  39  3:41  Probe  
  40  3:50  Robotics Facility  
  40  3:51  Probe  
  40  3:53  Probe  
  42  3:56  Stalker  
  44  4:03  Probe  
  44  4:05  Probe  
  46  4:15  Probe  
  47  4:17  Pylon  
  47  4:18  Probe  
  47  4:21  Assimilator  
  47  4:22  Stalker  
  50  4:24  Assimilator  
  50  4:25  Stalker  
  50  4:27  Probe  
  50  4:30  Probe, Pylon  
  54  4:40  Probe  
  54  4:42  Stalker  
  54  4:43  Probe  
  58  4:48  Observer  
  58  4:49  Robotics Bay  
  58  4:50  Forge  
  58  4:52  Probe  
  60  4:56  Pylon  
  60  5:02  Nexus, Observer  
  60  5:05  Probe x2  
  62  5:11  Pylon  
  63  5:17  Stalker x2  
  67  5:22  Shield Battery  
  67  5:25  Colossus  
  65  5:31  Stalker  
  63  5:37  Probe  
  70  5:48  Stalker, Sentry  
  74  5:53  Pylon  
  74  6:03  Stalker  
  76  6:09  Colossus  
  76  6:12  Stalker x2  
  76  6:13  Protoss Ground Weapons Level 1  
  76  6:14  Shield Battery  
  86  6:27  Charge  
  86  6:32  Probe  
  83  6:34  Probe  
  84  6:43  Nexus  
  84  6:45  Probe, Pylon  
  85  6:47  Extended Thermal Lance  
  85  6:48  Probe, Gateway  
  85  6:49  Gateway  
  86  6:57  Probe  
  86  6:58  Gateway  
  86  7:00  Probe, Gateway  
  88  7:07  Colossus, Gateway  
  88  7:11  Probe  
  89  7:19  Probe  
  96  7:23  Probe  
  95  7:31  Probe  
  95  7:34  Pylon  
  95  7:36  Probe, Pylon  
  97  7:41  Sentry x2  
  97  7:43  Probe  
  102  7:50  Warp Prism  
  100  7:52  Probe  
  100  7:58  Zealot x5  
  103  8:02  Protoss Ground Armor Level 1  
  113  8:11  Zealot x3  
  119  8:14  Pylon  
  119  8:21  Assimilator  
  119  8:22  Zealot x3, Assimilator  
  119  8:25  Pylon  
  125  8:28  Zealot  
  125  8:29  Zealot  
  129  8:34  Zealot x2  
  131  8:50  Zealot  
  131  8:51  Zealot x5  
  131  8:54  Stalker x2  
  147  8:58  Pylon  
  117  9:13  Stalker x3  
  117  9:14  Stalker x2  
  117  9:16  Zealot  
  129  9:21  Observer  
  130  9:25  Probe  
  130  9:31  Disruptor  
  131  9:32  Templar Archives  
  131  9:33  Nexus  
  131  9:44  Probe  
  136  9:45  Probe  
  136  9:46  Probe  
  137  9:54  Protoss Ground Armor Level 2  
  137  9:56  Probe  
  137  9:57  Disruptor  
  138  10:01  Probe  
  138  10:03  Psionic Storm  
  138  10:05  Probe  
  143  10:08  Probe  
  143  10:09  Photon Cannon  
  143  10:10  Shield Battery  
  143  10:13  Probe  
  145  10:14  High Templar x2  
  145  10:15  High Templar x3  
  145  10:17  Probe  
  145  10:18  Photon Cannon  
  145  10:19  Shield Battery  
  145  10:21  Probe  
  157  10:25  Gravitic Drive  
  157  10:37  Pylon  
  157  10:38  Assimilator  
  157  10:40  Pylon x2  
  157  10:42  Pylon  
  157  10:44  Assimilator, Disruptor  
  160  10:55  Zealot x3, High Templar x2  
  160  10:56  Zealot x2  
  174  11:07  Archon  
  174  11:13  Probe x3  
  177  11:23  Forge  
  177  11:25  Stalker x6  
  189  11:30  Stalker x2  
  181  12:00  Protoss Ground Armor Level 3  
  149  12:07  Colossus  
  149  12:08  Protoss Ground Weapons Level 2  
  123  12:17  Zealot x8  
  135  12:24  Observer  
  121  12:30  Probe  
  121  12:33  Gateway  
  121  12:34  Gateway  
  121  12:36  Gateway  
  119  12:37  Gateway  
  119  12:38  High Templar x2  
  119  12:39  Stalker x3, High Templar  
  131  12:48  Nexus  
  131  12:49  Pylon  
  131  12:51  Colossus  
  131  12:52  Assimilator, High Templar x2  
  131  12:56  Assimilator  
  131  12:57  Robotics Facility  
  135  13:12  Observer  
  135  13:22  High Templar x5  
  135  13:24  Stalker  
  147  13:27  Pylon  
  147  13:28  Archon x2  
  147  13:29  Colossus  
  147  13:33  Photon Cannon  
  147  13:35  Zealot, Photon Cannon  
  147  13:36  Zealot x5  
  147  13:37  Shield Battery  
  147  13:38  Warp Prism, Shield Battery  
  171  13:55  Dark Shrine  
  167  13:57  Zealot x8  
  167  13:58  Zealot x3  
  167  14:01  Zealot  
  191  14:52  Zealot x2  
  192  14:53  Zealot x3  
  182  15:07  Stalker x7  
  192  15:16  Dark Templar x2  
  192  15:17  Zealot x2  
  192  15:31  Stalker x4  
  192  15:32  Stalker  
  196  15:36  Stalker  
  196  15:37  Stalker  
  200  15:45  Dark Templar  
  200  15:46  Probe  
  200  15:48  Probe x2  
  197  15:50  Dark Templar x2  
  183  16:10  Dark Templar x8  
  199  16:21  Nexus  
Tags
 
Add a new tag
Caveats
  • Supply blocks, unpowered buildings, or Contaminate may cause inaccurate times.
  • Supply counts are checked every 10 seconds.